 Dungeon Crawl Stone Soup version 0.20.0-10-g0535bb4 (webtiles) character file.

181 SedStubbie the Magician (level 5, -1/35 HPs)
             Began as a Mummy Venom Mage on June 3, 2017.
             Slain by a worker ant (7 damage)
             ... on level 4 of the Dungeon.
             The game lasted 00:09:44 (2983 turns).

SedStubbie the Magician (Mummy Venom Mage)          Turns: 2983, Time: 00:09:45

Health: -1/35      AC:  3    Str: 12    XL:     5   Next: 34%
Magic:  17/21      EV: 12    Int: 15    God:
Gold:   88         SH:  0    Dex: 12    Spells: 9/13 levels left

rFire    x . .     SeeInvis .   j - +3 dagger (protect)
rCold    + + .     Gourm    .   (no shield)
rNeg     + + +     Faith    .   a - +1 robe
rPois    ∞         Spirit   .   (no helmet)
rElec    .         Reflect  .   (no cloak)
rCorr    .         Harm     .   (no gloves)
MR       .....                  (no boots)
Stlth    ++........             (no amulet)
Regen    0.2/turn               S - ring of magical power
MPRegen  0.2/turn               c - ring of protection from cold

@: very slightly contaminated
A: no food or potions, fire vulnerability, cold resistance 1, negative energy
resistance 3, torment resistance, unbreathing
a: no special abilities


You were on level 4 of the Dungeon.
You were not hungry.

You visited 1 branch of the dungeon, and saw 5 of its levels.

You collected 88 gold pieces.

Inventory:

Hand Weapons
 j - a +3 dagger of protection (weapon)
Armour
 a - a +1 robe (worn)
Jewellery
 c - a ring of protection from cold (right hand)
 Q - an uncursed amulet of guardian spirit
 S - a ring of magical power (left hand)
Scrolls
 M - a scroll of magic mapping
 N - 5 scrolls of remove curse
 P - a scroll of fog
 R - a scroll of identify
Books
 b - a Young Poisoner's Handbook

   Spells                             Type                      Level
   a - Sting                          Conjuration/Poison           1
   b - Poisonous Vapours              Poison/Air                   2
   c - Mephitic Cloud                 Conjuration/Poison/Air       3
   d - Olgreb's Toxic Radiance        Poison                       4
   e - Venom Bolt                     Conjuration/Poison           5


   Skills:
 - Level 1.5 Dodging
 - Level 1.5 Stealth
 + Level 4.7 Spellcasting
 + Level 2.5 Conjurations
 + Level 3.3 Poison Magic


You had 9 spell levels left.
You knew the following spells:

 Your Spells              Type           Power        Failure   Level  Hunger
a - Sting                 Conj/Pois      ##..         4%          1    N/A
m - Mephitic Cloud        Conj/Pois/Air  #.......     22%         3    N/A

Dungeon Overview and Level Annotations

Branches:
Dungeon (5/15)
 Temple: D:4-7

Altars:
Trog

Annotations:
D:3 Grinder, Ijyb


Innate Abilities, Weirdness & Mutations

You do not eat or drink.
Your flesh is vulnerable to fire.
You are immune to poison.
Your flesh is cold resistant. (rC+)
You are immune to negative energy. (rN+++)
You are immune to unholy pain and torment.
You can survive without breathing.


Message History

The worker ant barely misses you.
Casting: Sting
Confirm with . or Enter, or press ? or * to list all spells.
Aiming: Sting
Press: ? - help, Shift-Dir - straight line, f/p - worker ant
Aim: a worker ant (moderately wounded)
You miscast Sting.
You are very lightly contaminated with residual magic.
Your vision is briefly tinged with green.
The worker ant bites you.
* * * LOW HITPOINT WARNING * * *
Casting: Sting
Confirm with . or Enter, or press ? or * to list all spells.
Aiming: Sting
Press: ? - help, Shift-Dir - straight line, f/p - worker ant
Aim: a worker ant (moderately wounded)
The sting hits the worker ant.
The worker ant is poisoned.
The worker ant is heavily wounded.
The worker ant bites you!
You die...

+.......................#
#....#####..W...........#
#....'...##'##...........
#....#.......####'##....
#....#...##........# .
#....######..##....#
#....# #####....# .....#
##....# .....# #..@..#
.....# ##..a.# .....#
#....... #....#
#.......... +....#
#........... #....#
##....##.... ....# ####+#
.#.. ...


You could see a worker ant.

Vanquished Creatures
  4 adders
  4 gnolls
  An ooze (D:3)
  2 dart slugs
  6 worms
  4 leopard geckos
  6 orcs
  11 bats
  A giant cockroach (D:2)
  8 goblins
  6 hobgoblins
  4 jackals
  A quokka (D:2)
  5 frilled lizards
  6 kobolds
  6 rats
75 creatures vanquished.

Notes
Turn   | Place    | Note
-------+----------+-------------------------------------------
     0 | D:1      | SedStubbie the Mummy Venom Mage began the quest for the Orb.
     0 | D:1      | Reached XP level 1. HP: 13/13 MP: 4/4
    45 | D:1      | Reached skill level 1 in Conjurations
   102 | D:1      | Reached skill level 3 in Spellcasting
   209 | D:1      | Reached XP level 2. HP: 19/19 MP: 4/6
   477 | D:1      | Reached XP level 3. HP: 24/24 MP: 1/7
  1322 | D:1      | Learned a level 3 spell: Mephitic Cloud
  1531 | D:2      | Reached XP level 4. HP: 29/30 MP: 9/9
  1579 | D:2      | Found a bloodstained altar of Trog.
  1610 | D:2      | Reached skill level 3 in Poison Magic
  1632 | D:2      | Reached skill level 4 in Spellcasting
  2025 | D:2      | Reached XP level 5. HP: 35/35 MP: 6/11
  2795 | D:3      | Noticed Ijyb
  2798 | D:3      | Noticed Grinder
  2920 | D:4      | Noticed a phantom
  2972 | D:5      | Entered Level 5 of the Dungeon
  2983 | D:4      | Slain by a worker ant

Skill      XL: |  1  2  3  4 |
---------------+-------------+-----
Conjurations   | 1 2 |  2.5
Spellcasting   | 3 4 |  4.7
Poison Magic   | 3 |  3.3
Dodging        | |  1.5
Stealth        | |  1.5

Action                   |  1- 3 |  4- 6 || total
-------------------------+-------+-------++-------
Melee: Unarmed           |     5 |       ||     5
       Dagger            |    51 |   112 ||   163
 Cast: Sting             |    61 |    56 ||   117
       Mephitic Cloud    |     1 |       ||     1
  Use: Scroll            |     7 |     5 ||    12
 Stab: Sleeping          |       |     1 ||     1
Armor: Robe              |    48 |    42 ||    90
Dodge: Dodged            |   120 |    78 ||   198
